Map: [ESL] Altitude

Players

NightMare

  • Race: Protoss Protoss

Classic - Winner!

  • Race: Protoss Protoss

Event: IEM Katowice 2023

VOD

Have the link to the VOD?

Description

Time

  • Played on: Feb. 8, 2023, 7:27 a.m.
  • Length: 6:35

All games in this series

Show
View Real Time Build Order
Export as new Build Order

NightMare Protoss 

Build Orders:  

Get SALT Encoding   

  12  0:00  Probe  
  13  0:12  Probe  
  14  0:18  Pylon  
  14  0:24  Probe (Chrono Boost)  
  15  0:36  Probe (Chrono Boost)  
  15  0:39  Gateway  
  16  0:45  Probe (Chrono Boost)  
  17  0:51  Assimilator  
  17  0:53  Probe  
  18  1:05  Probe  
  19  1:17  Probe  
  20  1:26  Zealot  
  20  1:28  Cybernetics Core  
  20  1:30  Pylon, Probe  
  23  1:48  Probe  
  24  1:56  Assimilator  
  24  2:00  Probe  
  25  2:02  Stalker (Chrono Boost)  
  27  2:13  Nexus  
  27  2:23  Warp Gate (Chrono Boost)  
  27  2:24  Stalker  
  29  2:30  Probe  
  30  2:40  Gateway  
  30  2:58  Stalker  
  31  3:08  Shield Battery, Gateway  
  31  3:24  Probe  
  30  3:30  Pylon  
  30  3:32  Probe  
  29  3:36  Probe  
  28  3:48  Gateway  
  28  3:51  Probe x2  
  29  4:03  Stalker  
  29  4:04  Stalker x2  
  34  4:10  Probe x2 (Chrono Boost)  
  36  4:22  Probe x2 (Chrono Boost)  
  38  4:28  Probe x2 (Chrono Boost)  
  40  4:32  Adept x3  
  40  4:36  Probe x2  
  48  4:44  Stalker  
  37  5:00  Stalker  
  37  5:06  Probe x2  
  32  5:28  Stalker x2  
  32  5:35  Probe x2 (Chrono Boost)  
  28  5:58  Stalker  
  28  5:59  Stalker x2  
  28  6:01  Stalker  
  34  6:08  Probe x2 (Chrono Boost)  
  36  6:20  Probe x2 (Chrono Boost)  
  38  6:25  Probe (Chrono Boost)  
  38  6:26  Probe (Chrono Boost)  
Show
View Real Time Build Order
Export as new Build Order

Classic Protoss - Winner!

Build Orders: Oracle Opening 

Get SALT Encoding   

  12  0:00  Probe  
  13  0:12  Probe  
  14  0:19  Pylon  
  14  0:24  Probe  
  15  0:37  Probe (Chrono Boost)  
  15  0:38  Gateway  
  16  0:46  Probe (Chrono Boost)  
  16  0:48  Assimilator  
  17  0:51  Probe (Chrono Boost)  
  18  1:03  Probe (Chrono Boost)  
  19  1:15  Probe (Chrono Boost)  
  20  1:20  Assimilator  
  20  1:21  Pylon  
  20  1:24  Pylon, Probe (Chrono Boost)  
  21  1:30  Cybernetics Core  
  21  1:33  Probe  
  22  1:40  Zealot  
  22  1:45  Probe  
  25  1:52  Pylon  
  25  1:57  Probe  
  26  2:08  Stargate  
  26  2:14  Stalker  
  27  2:31  Pylon  
  27  2:37  Nexus  
  28  2:48  Stalker  
  30  2:51  Oracle (Chrono Boost)  
  30  2:57  Probe  
  33  3:10  Probe  
  34  3:15  Warp Gate  
  34  3:22  Probe  
  35  3:28  Oracle (Chrono Boost)  
  35  3:34  Probe  
  39  3:47  Twilight Council  
  39  3:49  Probe (Chrono Boost)  
  39  3:54  Gateway, Probe (Chrono Boost)  
  41  3:59  Probe (Chrono Boost)  
  43  4:03  Probe (Chrono Boost)  
  43  4:04  Probe (Chrono Boost)  
  43  4:09  Gateway  
  44  4:16  Probe (Chrono Boost)  
  44  4:17  Pylon, Probe (Chrono Boost)  
  44  4:20  Shield Battery  
  44  4:26  Probe (Chrono Boost)  
  44  4:28  Probe (Chrono Boost)  
  46  4:31  Probe (Chrono Boost)  
  46  4:37  Probe  
  48  4:38  Gateway  
  47  4:56  Void Ray (Chrono Boost)  
  49  5:03  Stalker x3  
  50  5:25  Probe x2  
  50  5:27  Stalker  
  52  5:37  Probe x2  
  52  5:39  Assimilator  
  54  5:47  Pylon  
  54  5:49  Probe x2  
  56  5:51  Pylon  
  56  5:53  Shield Battery  
  56  5:59  Stalker  
  56  6:01  Probe x2  
  60  6:10  Assimilator  
  60  6:11  Adept  
  60  6:13  Probe x2, Adept  

Tags
 
Add a new tag
Caveats
  • Supply blocks, unpowered buildings, or Contaminate may cause inaccurate times.
  • Supply counts are checked every 10 seconds.